 Dungeon Crawl Stone Soup version 0.30.1-11-g7821555f0a (webtiles) character file.

Game seed: 10359703288946858341

26293 Peloso the Fencer (level 12, -4/112 HPs)
             Began as a Minotaur Fighter on Jan 14, 2024.
             Was a High Priest of Okawaru.
             Collided with a stone wall (15 damage)
             ... caused by a rakshasa
             ... on level 2 of the Abyss.
             The game lasted 00:36:13 (14674 turns).

Peloso the Fencer (Minotaur Fighter)               Turns: 14674, Time: 00:36:13

Health: -4/112     AC: 27    Str: 22    XL:     12   Next: 97%
Magic:  12/12      EV:  9    Int:  5    God:    Okawaru [*****.]
Gold:   161        SH: 16    Dex: 20    Spells: 11/11 levels left

rFire   . . .        a - +1 scimitar (flame)
rCold   + . .        d - +3 kite shield of Conscience {Fly}
rNeg    . . .        w - +6 plate armour of a bazaar {*Slow Will++ SInv}
rPois   .            x - +1 hat
rElec   .            (no cloak)
rCorr   .            (no gloves)
SInv    +            V - +3 pair of seven-league boots {Rampage+∞}
Will    ++...        (no amulet) Stlth
                     s - ring of protection from cold
HPRegen 0.00/turn    l - +6 ring of dexterity
MPRegen 0.13/turn

%: slow self (1%), rampage+∞
@: sick, flying
A: horns 2, retaliatory headbutt
a: Renounce Religion, Heroism, Finesse, Duel


You were on level 2 of the Abyss.
You worshipped Okawaru.
Okawaru was extremely pleased with you.
You visited 3 branches of the dungeon, and saw 14 of its levels.
You visited the Abyss 1 time.
You also visited: Ossuary, Bailey and Ice Cave.

You collected 1469 gold pieces.
You spent 1308 gold pieces at shops.

Inventory:

Hand Weapons
 a - a +1 scimitar of flaming (weapon)
 b - a +1 long sword of flaming
Armour
 c - a +0 pair of boots
 d - the +3 kite shield of Conscience (worn) {Fly}
   (You bought it in a shop on level 6 of the Dungeon)

   Fly:       It grants you flight.
 q - the +2 hat of Disguise {rC- Will++ rCorr Slay+3}
   (Okawaru gifted it to you on level 9 of the Dungeon)

   Slay:      It affects your accuracy & damage with ranged weapons and melee
   (+3).
   rC:        It makes you vulnerable to cold.
   rCorr:     It protects you from acid and corrosion.
   Will:      It greatly increases your willpower.
 w - the +6 plate armour of a bazaar (worn) {*Slow Will++ SInv}
   (You bought it in a shop on level 6 of the Dungeon)

   SInv:      It lets you see invisible.
   *Slow:     It may slow you when you take damage.
   Will:      It greatly increases your willpower.
 x - a +1 hat (worn)
 C - the +0 chain mail of Gozag's Fury {rCorr Dex+3}
   (You bought it in a shop on level 1 of the Dungeon)

   Dex:       It affects your dexterity (+3).
   rCorr:     It protects you from acid and corrosion.
 D - a +1 chain mail of cold resistance
 V - the +3 pair of seven-league boots (worn) {Rampage+∞}
   (You found it on level 1 of the Lair of Beasts)

   Rampage+∞: When moving toward enemies, its wearer moves as far as possible,
   alerting their target en route.
Jewellery
 f - a +4 ring of protection
 k - a ring of flight
 l - a +6 ring of dexterity (right hand)
 s - a ring of protection from cold (left hand)
 M - a +6 ring of strength
 N - a ring of willpower
 O - a ring of protection from fire
 P - a ring of ice
 Q - an amulet of reflection
 R - a ring of wizardry
Wands
 j - a wand of paralysis (27)
 r - a wand of flame (37)
 F - a wand of iceblast (10)
 L - a wand of mindburst (8)
Scrolls
 m - 3 scrolls of blinking
 o - a scroll of fog
 p - 2 scrolls of poison
 v - 2 scrolls of enchant armour
 y - 4 scrolls of summoning
 B - a scroll of noise
 H - 2 scrolls of teleportation
 I - 2 scrolls of immolation
Potions
 g - 8 potions of curing
 h - a potion of might
 i - 8 potions of ambrosia
 n - a potion of haste
 t - 2 potions of magic
 u - 2 potions of heal wounds {unknown}
 z - 3 potions of resistance
 A - 3 potions of cancellation
 E - 2 potions of brilliance {unknown}
 G - a potion of flight {unknown}
 J - 4 potions of mutation
 K - a potion of berserk rage {unknown}
 S - 3 potions of degeneration {unknown}
 U - a potion of invisibility {unknown}


   Skills:
 + Level 12.0 Fighting
 + Level 15.8 Long Blades
 + Level 12.6 Armour
 + Level 4.7 Dodging
 + Level 2.5 Stealth
 + Level 11.7 Shields
 + Level 1.4 Invocations
 + Level 1.0 Evocations


You had 11 spell levels left.
You didn't know any spells.
Your spell library contained the following spells:

 Spells                   Type           Power      Damage    Failure   Level
 Apportation              Tloc           0%         N/A       100%        1
 Gell's Gravitas          Tloc           0%         N/A       100%        3
 Teleport Other           Tloc           0%         N/A       100%        3
 Alistair's Intoxication  Tmut/Pois      0%         N/A       100%        5
 Blade Hands              Tmut           0%         N/A       100%        5
 Irradiate                Conj/Tmut      0%         3d11      100%        5
 Dispersal                Tloc           0%         N/A       100%        6
 Dragon Form              Tmut           0%         N/A       100%        7


Dungeon Overview and Level Annotations

Branches:
Dungeon (11/15)            Temple (1/1) D:4            Lair (2/5) D:11
    Orc (0/2) D:10        Ossuary (visited)          Bailey (visited)
  IceCv (visited)
  Swamp: Lair:2-3    Shoals: Lair:2-3     Snake: Lair:2-3    Spider: Lair:2-3

Altars:
Ashenzari
Dithmenos
Fedhas
Gozag
Hepliaklqana
Kikubaaqudgha
Makhleb
Nemelex Xobeh
Okawaru
Qazlal
Ru
Trog
Vehumet
Wu Jian
Yredelemnul
The Shining One

Shops:
D:1 [*   D:2 (   D:4 :   D:6 [*   D:7 [

Annotations:
Lair:2 Sonja


Innate Abilities, Weirdness & Mutations

You have a pair of horns on your head.
You reflexively headbutt those who attack you in melee.


Message History

The rakshasa is almost dead.
The ancient zyme hits you. You block the ancient zyme's attack.
You block the rakshasa's attack. The rakshasa gestures at you.
The lance of force hits you!
You are knocked back by the lance of force.
You slam into the stone wall!
You stride towards the rakshasa!
You barely miss the rakshasa.
The rakshasa is almost dead.
You block the ancient zyme's attack.
The ancient zyme hits you but does no damage.
A smoke demon comes into view.
The rakshasa hits you with a +0 long sword!
The rakshasa blinks!
You barely miss the rakshasa.
The smoke demon roars!
Your headbutt misses the rakshasa.
The rakshasa is almost dead.
You hear a shout!
You hit the rakshasa. You burn the rakshasa. Your headbutt misses the rakshasa.
The rakshasa is almost dead.
The smoke demon gestures at you. Something smites you!
* * * LOW HITPOINT WARNING * * *
You block the ancient zyme's attack. x2; The rakshasa closely misses you.
You furiously retaliate!
You headbutt the rakshasa.
You kill the rakshasa!
The rakshasa shimmers and vanishes!
Unknown command.
You block the rakshasa's attack.
You miss the rakshasa.
The rakshasa is heavily wounded.
The ancient zyme barely misses you. You furiously retaliate!
You headbutt the ancient zyme! You block the ancient zyme's attack.
The rakshasa gestures at you. The lance of force hits you!
* * * LOW HITPOINT WARNING * * *
You are knocked back by the lance of force.
You slam into the stone wall!
You die...

#.#. ..#..... #..
. .# . ..# #.##. .
#. .#.### ....##
... ...# .. ##...
. ....#...###
....##. . . ...
##......#.#... ..
. . .#...##R# . .
#...## # #..x.# ..
.#....#.......#.@#
. #.#..####...#.##
...#.#....#.#. #.#
. #.#..# ## . #
..#.3###.#..# .
.##.## ### # . .#
. ... .


You could see a rakshasa and an ancient zyme.

Vanquished Creatures
  An orc warlord (Bailey)
  Erica (D:8)
  A hydra (Lair:1)
  2 boulder beetles (Lair:1)
  3 two-headed ogres
  Pikel (D:7)
  An ugly thing (IceCv)
  A manticore (D:11)
  An elephant (D:11)
  A black mamba (Lair:1)
  A guardian serpent (Lair:1)
  3 ice statues (IceCv)
  A torpor snail (Lair:1)
  2 unseen horrors (D:11)
  3 cane toads (Lair:1)
  2 rime drakes (D:11)
  4 komodo dragons (Lair:1)
  A freezing wraith (IceCv)
  An anaconda simulacrum (IceCv)
  A polar bear (Lair:1)
  4 trolls
  Prince Ribbit (D:6)
  A queen bee (D:9)
  Grinder (D:6)
  A hornet (D:8)
  A blink frog (Lair:1)
  3 slime creatures (D:11)
  A wraith (D:11)
  15 yaks
  2 basilisks
  6 wyverns
  Grum (D:8)
  A death yak simulacrum (IceCv)
  6 vampire mosquitoes
  Menkaure (D:6)
  An acid dragon (D:9)
  A harpy simulacrum (IceCv)
  5 water moccasins (Lair:1)
  6 orc warriors
  A black bear (D:11)
  2 centaurs
  11 wolves
  6 ogres
  4 kobold brigands
  4 bullfrogs
  5 scorpions
  2 cane toad simulacra (IceCv)
  A gnoll sergeant (D:10)
  7 wights
  35 killer bees
  2 electric eels
  7 howler monkeys
  4 hounds
  8 orc priests
  2 jellies
  4 iguanas
  13 orc wizards
  3 sleepcaps
  A polar bear simulacrum (IceCv)
  13 mummies (Ossuary)
  3 gnolls (D:10)
  6 adders
  An ufetubus (D:6)
  32 orcs
  8 ball pythons
  7 bats
  3 endoplasms
  3 giant cockroaches
  13 goblins
  13 hobgoblins
  8 jackals
  42 kobolds
  6 quokkas
  3 frilled lizards
  2 gnoll skeletons (Ossuary)
  A goblin skeleton (Ossuary)
  3 kobold skeletons (Ossuary)
  2 orc skeletons (Ossuary)
  5 rats
  11 rat skeletons (Ossuary)
  A spectral hobgoblin (D:1)
398 creatures vanquished.

Notes
Turn   | Place    | Note
-------+----------+-------------------------------------------
     0 | D:1      | Peloso the Minotaur Fighter began the quest for the Orb.
     0 | D:1      | Reached XP level 1. HP: 19/19 MP: 0/0
   104 | D:1      | Reached XP level 2. HP: 26/27 MP: 1/1
   121 | D:1      | Found Haysur's General Store.
   228 | D:1      | Found Taciref's Antique Armour Emporium.
   349 | D:1      | Reached XP level 3. HP: 27/33 MP: 2/2
   400 | D:1      | Found a faded altar of an unknown god.
   630 | D:2      | Reached skill level 3 in Long Blades
   817 | D:2      | Found Emett's Antique Weapon Boutique.
  1146 | D:2      | Found a glowing golden altar of the Shining One.
  1644 | D:3      | Reached XP level 4. HP: 40/40 MP: 3/3
  1761 | D:3      | You fall into a shaft and drop 1 floor!
  2201 | D:3      | Found an ornate altar of the Wu Jian Council.
  2355 | D:4      | Found a staircase to the Ecumenical Temple.
  2367 | Temple   | Entered the Ecumenical Temple
  2402 | Temple   | Became a worshipper of Warmaster Okawaru
  2467 | D:4      | Found Saxoack's Book Shoppe.
  2602 | D:4      | Reached skill level 4 in Long Blades
  2602 | D:4      | Reached XP level 5. HP: 43/46 MP: 4/4
  2688 | D:4      | Reached skill level 1 in Dodging
  2830 | D:3      | Reached skill level 5 in Armour
  2890 | D:3      | Reached skill level 5 in Shields
  2890 | D:3      | Reached XP level 6. HP: 49/53 MP: 5/5
  2927 | D:4      | Reached skill level 5 in Long Blades
  3192 | D:4      | Found an ancient bone altar of Kikubaaqudgha.
  3192 | D:4      | Found a shadowy altar of Dithmenos.
  3552 | D:5      | Entered Level 5 of the Dungeon
  3819 | D:5      | Reached * piety under Okawaru
  3820 | D:5      | Reached skill level 6 in Long Blades
  3820 | D:5      | Reached XP level 7. HP: 51/60 MP: 6/6
  3950 | D:1      | Bought a spiked chain mail for 275 gold pieces
  3950 | D:1      | Identified the +0 chain mail of Gozag's Fury {rCorr Dex+3}
                  | (You bought it in a shop on level 1 of the Dungeon)
  4165 | D:6      | Noticed Grinder
  4190 | D:6      | Killed Grinder
  4191 | D:6      | Reached skill level 5 in Fighting
  4252 | D:6      | Found Xemuev's Elemental Accessories.
  4270 | D:6      | Found Vehyunih's Antique Armour Shop.
  4322 | D:6      | Reached skill level 7 in Long Blades
  4370 | D:6      | Reached ** piety under Okawaru
  4459 | D:6      | Reached XP level 8. HP: 68/68 MP: 7/7
  4469 | D:6      | Reached skill level 1 in Stealth
  4552 | D:6      | Noticed Prince Ribbit
  4612 | D:6      | Killed Prince Ribbit
  4613 | D:6      | Reached skill level 8 in Long Blades
  4613 | D:6      | Reached skill level 1 in Evocations
  4994 | D:6      | Noticed Menkaure
  5003 | D:6      | Killed Menkaure
  5288 | D:6      | Found a sacrificial altar of Ru.
  5291 | D:6      | Found a glowing golden altar of the Shining One.
  5294 | D:6      | Found a radiant altar of Vehumet.
  5325 | D:7      | Found Didalul's Armour Boutique.
  5403 | D:7      | Found a sand-covered staircase.
  5415 | Ossuary  | Entered an ossuary
  5969 | D:7      | Reached skill level 9 in Long Blades
  5969 | D:7      | Reached XP level 9. HP: 75/75 MP: 8/8
  6117 | D:7      | Reached *** piety under Okawaru
  6381 | D:7      | Reached skill level 10 in Long Blades
  6922 | D:1      | Bought a potion of mutation for 96 gold pieces
  7031 | D:8      | Noticed Pikel
  7096 | D:7      | Killed Pikel
  7096 | D:7      | Reached **** piety under Okawaru
  7097 | D:7      | Reached skill level 11 in Long Blades
  7134 | D:8      | Reached XP level 10. HP: 86/86 MP: 9/9
  7310 | D:8      | Noticed Grum
  7319 | D:8      | Killed Grum
  7397 | D:8      | Found a blossoming altar of Fedhas.
  7399 | D:8      | Found a stormy altar of Qazlal.
  7615 | D:8      | Noticed Erica
  7649 | D:8      | Killed Erica
  7649 | D:8      | Reached ***** piety under Okawaru
  8314 | D:9      | Reached skill level 12 in Long Blades
  8397 | D:9      | Identified the +2 hat of Disguise {rC- Will++ rCorr Slay+3}
                  | (Okawaru gifted it to you on level 9 of the Dungeon)
  8397 | D:9      | Received a gift from Okawaru
  8581 | D:9      | Reached skill level 13 in Long Blades
  8590 | D:9      | Reached XP level 11. HP: 31/95 MP: 10/10
  8754 | D:9      | Found a flagged portal.
  8772 | Bailey   | Entered a bailey
  8886 | Bailey   | Noticed an orc warlord
  8967 | Bailey   | Found a runed translucent gate.
  8977 | Bailey   | Found a runed translucent gate.
  8981 | Bailey   | Found a runed translucent gate.
  9130 | Bailey   | Killed an orc warlord
  9131 | Bailey   | Reached skill level 10 in Armour
  9341 | D:9      | Identified the +9 sling of Hoxyeff {heavy, Will+ MP-9
                  | Str+5}
  9679 | D:10     | Entered Level 10 of the Dungeon
  9903 | D:10     | Found a staircase to the Orcish Mines.
 10016 | D:10     | Noticed a two-headed ogre
 10021 | D:10     | Killed a two-headed ogre
 10022 | D:10     | Reached skill level 14 in Long Blades
 10070 | D:10     | Received a gift from Okawaru
 10141 | D:10     | Reached skill level 10 in Fighting
 10588 | D:10     | Noticed a two-headed ogre
 10594 | D:10     | Killed a two-headed ogre
 10771 | D:11     | Found a stormy altar of Qazlal.
 10805 | D:11     | Noticed a two-headed ogre
 10819 | D:11     | Killed a two-headed ogre
 10858 | D:11     | Reached skill level 1 in Invocations
 10867 | D:11     | Found a frozen archway.
 10872 | D:11     | Received a gift from Okawaru
 10873 | D:11     | Reached skill level 10 in Shields
 10873 | D:11     | Reached XP level 12. HP: 14/108 MP: 8/11
 11126 | IceCv    | Entered an ice cave
 11500 | IceCv    | Reached skill level 15 in Long Blades
 12616 | D:11     | Found a staircase to the Lair.
 12904 | D:6      | Acquired 666 gold pieces
 12910 | D:6      | Bought a shimmering plate armour for 700 gold pieces
 12910 | D:6      | Identified the +6 plate armour of a bazaar {*Slow Will++
                  | SInv} (You bought it in a shop on level 6 of the Dungeon)
 12922 | D:6      | Bought a masterwork kite shield for 237 gold pieces
 12922 | D:6      | Identified the +3 kite shield of Conscience {Fly} (You
                  | bought it in a shop on level 6 of the Dungeon)
 13052 | Lair:1   | Entered Level 1 of the Lair of Beasts
 13622 | Lair:1   | Noticed a boulder beetle
 13622 | Lair:1   | Noticed a boulder beetle
 13642 | Lair:1   | Killed a boulder beetle
 13653 | Lair:1   | Killed a boulder beetle
 13918 | Lair:1   | Found the +3 pair of seven-league boots {Rampage+∞}
 14294 | Lair:2   | Noticed Sonja
 14301 | Lair:2   | Noticed a five-headed hydra
 14541 | Lair:1   | Killed a three-headed hydra
 14564 | Abyss:2  | Found a corrupted altar of Lugonu.
 14564 | Abyss:2  | Cast into level 2 of the Abyss (Sonja)
 14644 | Abyss:2  | Noticed a rakshasa
 14674 | Abyss:2  | Collided with a stone wall

Illustrated notes

Levels and vault maps discovered:
D:1:      lightli_arrival_statuegarden, layout_rooms, serial_shops, shop,
          nicolae_shop_tiny_glass, dreamdust_ecumenical_altar_drowned_temple
D:2:      layout_basic, basic_altar, serial_shops, shop, kennysheep_cross_room,
          minmay_shallow_snake_nest
D:3:      layout_basic, lemuel_round_altar
D:4:      layout_cave_pods, gammafunk_temple_overflow_pools,
          minmay_temple_entry_slanted, serial_shops, shop, serial_bayou_pond_e,
          hangedman_abyss_or_decor_passed, grunt_ministairs_2
D:5:      layout_gridville, hangedman_abyss_or_decor_stagger
D:6:      layout_basic, grunt_temple_overflow_diamond, serial_shops, shop,
          kennysheep_donut, nicolae_elemental_shop, kennysheep_doodads,
          uniq_menkaure, uniq_grinder, uniq_prince_ribbit1
D:7:      layout_gridville, enter_ossuary_3, serial_shops,
          nicolae_shop_waterfront, bh_walls_and_bars
D:8:      layout_loops_ring, grunt_temple_overflow_forces_of_nature, uniq_erica,
          uniq_grum, uniq_pikel
D:9:      layout_small_grid, enter_bailey_3, special_room [special_room_bee]
D:10:     layout_roguey, erik_orc_3
D:11:     layout_basic, david_lair_generic, portal_ice_cave_rime,
          grunt_qazlal_sundering
Temple:   nicolae_temple_bog_church
Lair:1:   layout_gridlike, hellmonk_guarded_unrand_seven_league_boots,
          serial_bayou_shore_a, grunt_megastairs_4, lemuel_fruit_tree
Lair:2:   layout_long_grid, skrybe_swamp_entry_bodies,
          minmay_snake_entry_six_corridors, grunt_megastairs_2, uniq_sonja
Abyss:2:  base:
Lair:2

Skill      XL: |  1  2  3  4  5  6  7  8  9 10 11 12 |
---------------+-------------------------------------+-----
Fighting       | 4 5 6 7 8 10 12 | 12.0
Armour         | 4 5 6 7 8 9 10 12 | 12.6
Shields        | 4 5 6 7 9 10 11 | 11.7
Long Blades    | 3 4 6 7 9 11 13 14 15 | 15.8
Dodging        | 1 2 3 4 |  4.7
Stealth        | 1 2 |  2.5
Evocations     | 1 |  1.0
Invocations    | 1 |  1.4

Action                     |  1- 3 |  4- 6 |  7- 9 | 10-12 || total
---------------------------+-------+-------+-------+-------++-------
  Melee: Long sword        |   118 |    97 |   295 |    65 ||   575
         Headbutt          |    14 |    15 |    51 |   168 ||   248
         Scimitar          |       |       |       |   629 ||   629
 Invoke: Heroism           |       |       |       |    14 ||    14
  Evoke: Wand              |       |     5 |     1 |     1 ||     7
    Use: Scroll            |       |       |    13 |     8 ||    21
         Potion            |       |       |       |     4 ||     4
 Armour: Scale mail        |    83 |    58 |     6 |       ||   147
         Chain mail        |       |       |   107 |   161 ||   268
         Plate armour      |       |       |       |   100 ||   100
  Dodge: Dodged            |    78 |    37 |    97 |   254 ||   466
  Block: Buckler           |    35 |    26 |   103 |   163 ||   327
         Kite shield       |       |       |       |   191 ||   191
